 Dungeon Crawl Stone Soup version 0.23.2-30-g0e89c35 (webtiles) character file.

Game seed: 5166605824558968581

419 robbits the Destroyer (level 6, 0/36 HPs)
             Began as a Tengu Conjurer on June 10, 2019.
             Slain by a centaur skeleton (7 damage)
             ... on level 4 of the Dungeon.
             The game lasted 00:13:12 (4959 turns).

robbits the Destroyer (Tengu Conjurer)              Turns: 4959, Time: 00:13:13

Health: 0/36       AC:  3    Str:  8    XL:     6   Next: 93%
Magic:  6/12       EV: 17    Int: 17    God:
Gold:   136        SH:  0    Dex: 15    Spells: 4/11 levels left

rFire    . . .     SeeInvis .   (no weapon)
rCold    . . .     Gourm    +   (no shield)
rNeg     . . .     Faith    .   a - +0 robe
rPois    .         Spirit   .   (helmet restricted)
rElec    .         Reflect  .   o - +0 cloak
rCorr    .         Harm     .   (no gloves)
MR       .....                  (boots unavailable)
Stlth    ++........             f - amulet of the gourmand
HPRegen  0.12/turn              (no ring)
MPRegen  0.13/turn              (no ring)

@: flying quickly and evasively, quick
A: beak, talons 3, able to fly
a: Stop Flying


You were on level 4 of the Dungeon.
You were very full.

You visited 1 branch of the dungeon, and saw 5 of its levels.

You collected 136 gold pieces.

Inventory:

Missiles
 l - 81 stones (quivered)
Armour
 a - a +0 robe (worn)
 o - a +0 cloak (worn)
Jewellery
 f - an amulet of the gourmand (around neck)
Wands
 g - a wand of acid (6)
 p - a wand of flame (29)
Scrolls
 b - a scroll of noise {unknown}
 e - 2 scrolls of magic mapping
 h - a scroll of remove curse
 k - a scroll of teleportation
 n - 2 scrolls of enchant weapon
 q - 2 scrolls of fear
Potions
 i - a potion of magic
 r - a potion of resistance {unknown}
Comestibles
 c - 7 rations


   Skills:
 + Level 2.5 Fighting
 + Level 3.8 Dodging
 - Level 2.0 Stealth
 + Level 3.3 Spellcasting
 * Level 8.0 Conjurations


You had 4 spell levels left.
You knew the following spells:

 Your Spells              Type           Power        Failure   Level  Hunger
a - Magic Dart            Conj           ####         1%          1    None
b - Searing Ray           Conj           ####..       1%          2    ##.....
c - Iskenderun's Mystic   Conj           ####....     6%          4    ####...

Your spell library contained the following spells:

 Spells                   Type           Power        Failure   Level  Hunger
 Dazzling Spray           Conj/Hex       ###...       10%         3    ###....
 Corona                   Hex            #......      17%         1    None
 Ensorcelled Hibernation  Hex/Ice        #.....       26%         2    ##.....
 Force Lance              Conj/Tloc      ###.....     32%         4    ####...
 Fulminant Prism          Conj/Hex       ###.......   32%         4    ####...
 Confuse                  Hex            #.......     45%         3    ###....
 Tukima's Dance           Hex            #.......     45%         3    ###....


Dungeon Overview and Level Annotations

Branches:
Dungeon (5/15)
 Temple: D:4-7

Altars:
Cheibriados
Elyvilon
Makhleb

Annotations:
D:4 1 transporter, Morgon's ghost, amateur CeGl


Innate Abilities, Weirdness & Mutations

You have a beak for a mouth.
You have claws for feet.
You can fly continuously.


Message History

You feel better.
Casting: Magic Dart (safe; 1% risk of failure)
Confirm with . or Enter, or press ? or * to list all spells.
Aiming: Magic Dart (safe; 1% risk of failure)
Press: ? - help, Shift-Dir - straight line, f/p - Morgon's ghost
Aim: Morgon's ghost (lightly damaged)
The magic dart hits Morgon's ghost.
Morgon's ghost is lightly damaged.
The centaur skeleton closely misses you.
The centaur skeleton barely misses you. The centaur skeleton hits you.
The centaur skeleton hits you.
* * * LOW HITPOINT WARNING * * *
The centaur skeleton hits you.
* * * LOW HITPOINT WARNING * * *
Press: ? - help, v - describe, . - travel, g - get item 9 gold pieces.
The floor.
The centaur skeleton hits you!
You die...

##...###..#...#
#........###.....
...#.###.##.#####.#..#####
#.....
..##.##..##..##...#.##
#..... ##...#..#.........<.#
#..... #..###...)..©.......#
#..... )...)...#########..##
##.... ..#....##8.$($.8##.#
#..... ..<.#..#..[.)..Z.#.#
#..... #####..#.##...##@#.#
####..... #...#.##...##.#.#
#........ #.#.#....©....#.#
##.##..... #.#.#.##...##.#.#
#...##....
####.#.#.##...##.#.#
##.#.......
.....#.#.....†..©#.#
#..#..#.#.#
.#####.##8.....8##.#
##.##....... .#
#..#########..# #..##..#.#.#
.#
##.....©.....####.####......


You could see a centaur skeleton.

Vanquished Creatures
  An orc wizard (D:3)
  An iguana (D:4)
  Jessica (D:3)
  Natasha (thrice) (D:3)
  4 worker ants
  4 adders
  3 gnolls (D:4)
  3 oozes
  2 adder skeletons (D:4)
  5 worms
  2 dart slugs
  4 leopard geckos
  9 orcs
  A ball python (D:2)
  5 bats
  2 giant cockroaches
  A goblin (D:2)
  4 hobgoblins
  A jackal (D:4)
  A quokka (D:2)
  4 frilled lizards
  7 kobolds
  A quokka skeleton (D:4)
  2 rats
71 creatures vanquished.

Notes
Turn   | Place    | Note
-------+----------+-------------------------------------------
     0 | D:1      | robbits the Tengu Conjurer began the quest for the Orb.
     0 | D:1      | Reached XP level 1. HP: 10/10 MP: 4/4
   263 | D:1      | Reached XP level 2. HP: 15/15 MP: 1/6
   411 | D:1      | Learned a level 2 spell: Searing Ray
   581 | D:2      | Reached skill level 6 in Conjurations
   824 | D:2      | Reached XP level 3. HP: 3/19 MP: 4/7
  1649 | D:2      | Reached skill level 1 in Fighting
  1649 | D:2      | Reached XP level 4. HP: 12/25 MP: 2/8
  2321 | D:2      | Found a faded altar of an unknown god.
  2402 | D:2      | Found a snail-covered altar of Cheibriados.
  2681 | D:3      | Noticed Natasha
  2688 | D:3      | Killed Natasha
  2688 | D:3      | Gained mutation: You can fly continuously. [Tengu growth]
  2688 | D:3      | Reached XP level 5. HP: 21/29 MP: 0/10
  2778 | D:3      | Found a burning altar of Makhleb.
  2916 | D:3      | Noticed Natasha
  3130 | D:3      | Reached skill level 7 in Conjurations
  3230 | D:3      | Noticed Jessica
  3232 | D:3      | Killed Jessica
  3321 | D:3      | Found a white marble altar of Elyvilon.
  3328 | D:3      | Killed Natasha
  3514 | D:3      | Reached XP level 6. HP: 33/35 MP: 11/11
  3542 | D:3      | Noticed Natasha
  3546 | D:3      | Killed Natasha
  3860 | D:4      | Noticed Morgon's ghost (amateur CeGl)
  3914 | D:4      | Found a transporter.
  3951 | D:4      | Found a transporter.
  4362 | D:4      | Learned a level 4 spell: Iskenderun's Mystic Blast
  4386 | D:4      | Reached skill level 8 in Conjurations
  4558 | D:5      | Entered Level 5 of the Dungeon
  4558 | D:5      | Noticed an ice beast
  4959 | D:4      | Slain by a centaur skeleton

Skill      XL: |  1  2  3  4  5  6 |
---------------+-------------------+-----
Conjurations   | 6 7 8 |  8.0
Fighting       | 1 2 |  2.5
Dodging        | 3 |  3.8
Spellcasting   | 3 |  3.3
Stealth        | |  2.0

Action                   |  1- 3 |  4- 6 || total
-------------------------+-------+-------++-------
Melee: Unarmed           |    27 |    35 ||    62
       Kick              |    10 |     6 ||    16
       Peck              |     3 |     5 ||     8
 Cast: Magic Dart        |    43 |   102 ||   145
       Searing Ray       |     3 |     9 ||    12
       Iskenderun's Myst |       |     4 ||     4
 Abil: Fly               |       |     1 ||     1
Evoke: Wand              |       |     1 ||     1
  Use: Scroll            |     3 |     8 ||    11
       Potion            |       |     1 ||     1
 Stab: Sleeping          |     1 |     5 ||     6
  Eat: Chunk             |     3 |    18 ||    21
Armor: Robe              |     7 |    16 ||    23
Dodge: Dodged            |    24 |    46 ||    70
